 Dungeon Crawl Stone Soup version 0.28-a0-1387-g3a22ab9 (webtiles) character file.

Game seed: 14295578166066469594

430 Dorkslayer the Sneak (level 6, 0/43 HPs)
             Began as an Octopode Fighter on Jan 2, 2022.
             Succumbed to a scorpion's poison
             ... in an ossuary.
             The game lasted 00:06:46 (3229 turns).

Dorkslayer the Sneak (Octopode Fighter)             Turns: 3229, Time: 00:06:46

Health: 0/43       AC:  1    Str: 17    XL:     6   Next: 99%
Magic:  6/6        EV: 14    Int: 10    God:
Gold:   88         SH:  5    Dex: 18    Spells: 5/5 levels left

rFire   . . .      SeeInvis .   j - +0 scimitar
rCold   . . .      Faith    .   b - +0 buckler
rNeg    . . .      Spirit   .   (helmet restricted)
rPois   .          Reflect  .   (no amulet)
rElec   .          Harm     .   e - +6 ring of dexterity
rCorr   .          Rampage  .   (no ring)
Will    .....                   (no ring)
Stlth   ++++......              (no ring)
HPRegen 0.14/turn               (no ring)
MPRegen 0.10/turn               (no ring)
                                (no ring)
                                (no ring)

@: lethally poisoned (0 -> -5)
A: almost no armour, amphibious, 8 rings, camouflage 1, gelatinous body 1,
(nimble swimmer 1), tentacles
a: no special abilities


You were in an ossuary.
You visited 1 branch of the dungeon, and saw 4 of its levels.
You also visited: Ossuary.

You collected 88 gold pieces.

Inventory:

Hand Weapons
 a - a +0 long sword
 j - a +0 scimitar (weapon)
Missiles
 i - 23 poisoned darts (quivered)
Armour
 b - a +0 buckler (worn)
 d - a +0 tower shield
Jewellery
 e - a +6 ring of dexterity (left tentacle)
Scrolls
 g - 2 scrolls of identify
 h - 2 scrolls of teleportation
Potions
 c - a potion of might
 f - 2 potions of lignification


   Skills:
 + Level 3.8 Fighting
 + Level 4.3 Long Blades
 * Level 2.1 Throwing
 + Level 3.6 Dodging
 + Level 4.8 Stealth
 + Level 3.6 Shields


You had 5 spell levels left.
You didn't know any spells.
Your spell library was empty.

Dungeon Overview and Level Annotations

Branches:
Dungeon (4/15)            Ossuary (1/1)
 Temple: D:4-7

Altars:
Wu Jian


Innate Abilities, Weirdness & Mutations

You cannot wear most types of armour.
You are amphibious.
You can wear up to eight rings at the same time.
Your skin changes colour to match your surroundings (Stealth+).
Your rubbery body absorbs attacks. (AC +1, EV +1)
((You are camouflaged when in or above water. (Stealth+)))
You have tentacles for arms and can constrict up to eight enemies at once.


Message History

The scorpion is severely wounded.
You constrict the scorpion.
You feel very sick. You block the centaur zombie's attack.
The centaur zombie kicks you. You block the scorpion's attack.
The centaur zombie barely misses you. x2
You release your grip on the scorpion.
You feel sick. The scorpion stings you.
You are lethally poisoned!
The scorpion poisons you!
Okay, then.
You closely miss the scorpion. You grab the scorpion.
You squeeze the scorpion, but do no damage.
The scorpion is almost dead.
You constrict the scorpion, but do no damage.
You feel very sick. The scorpion stings you.
You hit the scorpion.
You kill the scorpion!
* * * LOW HITPOINT WARNING * * *
You feel very sick. You block the centaur zombie's attack.
The centaur zombie barely misses you.
Your Throwing skill increases to level 2!
You hit the centaur zombie.
The centaur zombie is lightly damaged.
* * * LOW HITPOINT WARNING * * *
You feel very sick.
You block the centaur zombie's attack. x2
The centaur zombie closely misses you.
The centaur zombie kicks you but does no damage.
* * * LOW HITPOINT WARNING * * *
You feel sick.
* * * LOW HITPOINT WARNING * * *
You feel sick.
You slash the centaur zombie!
The centaur zombie is heavily damaged.
* * * LOW HITPOINT WARNING * * *
You feel sick. The centaur zombie closely misses you.
The centaur zombie kicks you.
* * * LOW HITPOINT WARNING * * *
The centaur zombie barely misses you. You block the centaur zombie's attack.
You die...

##8...8######
#.......#...#
#...8.ZZ'...#
#...#...#.Z.#
##+ ######Z##
#...#...#
#...8Z..#
#....Z..#
##8@..8##
#.......#
#...8...#
#...#...#
##'######
#...#...#
#.∩.'.∩.#
#...#...#
#########


You could see 2 scorpion zombies and 2 centaur zombies.

Vanquished Creatures
  An ogre (D:3)
  A scorpion (Ossuary)
  A human zombie (Ossuary)
  3 orc priests (D:3)
  A scorpion zombie (Ossuary)
  2 orc wizards (D:3)
  3 adders
  2 worms (D:2)
  2 dart slugs
  7 orcs
  5 bats
  An endoplasm (D:1)
  3 giant cockroaches
  3 goblins
  4 hobgoblins
  5 jackals (D:3)
  6 kobolds
  6 ball pythons
  2 frilled lizards
  6 rats
64 creatures vanquished.

Notes
Turn   | Place    | Note
-------+----------+-------------------------------------------
     0 | D:1      | Dorkslayer the Octopode Fighter began the quest for the
                  | Orb.
     0 | D:1      | Reached XP level 1. HP: 16/16 MP: 1/1
   311 | D:1      | Reached XP level 2. HP: 21/21 MP: 2/2
   753 | D:2      | Reached skill level 1 in Stealth
   807 | D:2      | Reached XP level 3. HP: 26/26 MP: 3/3
  1009 | D:2      | Found an ornate altar of the Wu Jian Council.
  1942 | D:2      | Reached XP level 4. HP: 30/31 MP: 4/4
  2118 | D:2      | Reached XP level 5. HP: 9/36 MP: 5/5
  2380 | D:3      | Reached skill level 1 in Throwing
  2813 | D:3      | Noticed an ogre
  2821 | D:3      | Killed an ogre
  2822 | D:3      | Reached XP level 6. HP: 19/43 MP: 6/6
  3171 | D:4      | Found a sand-covered staircase.
  3176 | Ossuary  | Entered an ossuary
  3227 | Ossuary  | HP: 2/43 [poisoned by a scorpion]
  3229 | Ossuary  | Succumbed to a scorpion's poison

Illustrated notes

Levels and vault maps discovered:
D:1:      wander_arrival_desolate, layout_loops_ring
D:2:      layout_loops_cross, basic_altar, grunt_ministairs_6,
          hangedman_decor_growths
D:3:      layout_basic
D:4:      layout_basic, enter_ossuary_2
Ossuary:  ossuary_minmay_scorpions

Skill      XL: |  1  2  3  4  5  6 |
---------------+-------------------+-----
Stealth        | 1 2 3 4 |  4.8
Long Blades    | 3 4 |  4.3
Throwing       | 1 2 |  2.1
Fighting       | |  3.8
Dodging        | |  3.6
Shields        | |  3.6

Action                   |  1- 3 |  4- 6 || total
-------------------------+-------+-------++-------
Melee: Long sword        |    54 |    33 ||    87
       Constrict         |    18 |    26 ||    44
       Tentacles         |     8 |    22 ||    30
       Scimitar          |       |    30 ||    30
Throw: Dart              |       |     4 ||     4
  Use: Scroll            |     3 |     4 ||     7
       Potion            |     2 |     1 ||     3
 Stab: Sleeping          |    14 |     6 ||    20
Armor: Skin              |     1 |     3 ||     4
Dodge: Dodged            |    30 |    39 ||    69
Block: Buckler           |     8 |    22 ||    30

Table legend: (Time is in decaauts)
 A = Elapsed time spent in this place.
 B = Non-inter-level travel time spent in this place.
 C = Inter-level travel time spent in this place.
 D = Time resting spent in this place.
 E = Time spent auto-exploring this place.
 F = Levels seen in this place.
 G = Mean time per level.
                   A        B        C        D        E       F      G
               +--------+--------+--------+--------+--------+-----+--------+
         Total |   3264 |   3264 |      0 |    996 |    937 |   5 |  652.8 |
       Dungeon |   3209 |   3209 |      0 |    996 |    937 |   4 |  802.2 |
       Ossuary |     55 |     55 |      0 |      0 |      0 |   1 |   55.0 |
               +--------+--------+--------+--------+--------+-----+--------+

Top non-repeatable levels by time:
     D:2: 1452 daAuts
     D:3: 984 daAuts
     D:1: 745 daAuts
 Ossuary: 55 daAuts
     D:4: 25 daAuts
